 Dungeon Crawl Stone Soup version 0.17.1-1-g73c8601 (webtiles) character file.

1565 Andry07 the Shield-Bearer (level 8, -9/39 HPs)
             Began as a Vine Stalker Fighter on Dec 30, 2015.
             Mangled by an orc warrior
             ... wielding a +0 glaive
              (18 damage)
             ... on level 6 of the Dungeon.
             The game lasted 00:10:06 (4221 turns).

Andry07 the Shield-Bearer (Vine Stalker Fighter)    Turns: 4221, Time: 00:10:06

Health: -9/39      AC: 12    Str: 21    XL:     8   Next: 89%
Magic:  0/9        EV:  4    Int:  8    God:
Gold:   149        SH: 11    Dex: 14    Spells: 0 memorised, 7 levels left

rFire  . . .     SeeInvis .     a - +0 long sword
rCold  . . .     Clarity  .     o - +0 plate armour
rNeg   + . .     SustAt   .     c - +0 shield
rPois  .         Gourm    .     (no helmet)
rElec  .         Spirit   +     (no cloak)
rCorr  .         Warding  .     (no gloves)
rMut   .         Stasis   .     (no boots)
MR     +....                    (no amulet)
Stlth  ..........               (no ring)
                                v - ring of positive energy

@: somewhat resistant to hostile enchantments, extremely unstealthy
A: fangs 3, regeneration 2, magic shield, antimagic bite, no device heal 3, rot
immunity
a: no special abilities


You were on level 6 of the Dungeon.
You were very hungry.

You visited 2 branches of the dungeon, and saw 7 of its levels.

You collected 279 gold pieces.
You spent 130 gold pieces at shops.

Inventory:

Hand Weapons
 a - a +0 long sword (weapon)
 e - a +0 antimagic flail
Missiles
 H - 7 javelins (quivered)
Armour
 c - a +0 shield (worn)
 o - a +0 plate armour (worn)
Jewellery
 v - a ring of positive energy (left hand)
Wands
 u - a wand of frost (31)
 B - a wand of enslavement (8)
Scrolls
 b - a scroll of amnesia
 j - 2 scrolls of magic mapping
 k - a scroll of random uselessness {unknown}
 l - 2 scrolls of identify
 m - 4 scrolls of remove curse
 r - a scroll of fog {unknown}
 w - a scroll of enchant weapon {unknown}
 x - 3 scrolls of blinking
 E - a scroll of teleportation {unknown}
Potions
 d - a potion of might
 f - a potion of heal wounds {unknown}
 g - a potion of agility {unknown}
 n - a potion of brilliance {unknown}
 p - 2 potions of invisibility
 q - 3 potions of curing {unknown}
 A - a potion of cancellation {unknown}
 C - a potion of mutation {unknown}
Books
 i - a book of the Warp

   Spells                             Type                      Level
   a - Recall                         Summoning/Translocation      3
   b - Gell's Gravitas                Hexes/Translocation          3
   c - Force Lance                    Conjuration/Translocation    4
   d - Phase Shift                    Translocation                5
   e - Warp Weapon                    Charms/Translocation         5
   f - Summon Forest                  Summoning/Translocation      5
 y - a book of Maledictions

   Spells                             Type                      Level
   a - Corona                         Hexes                        1
   b - Ensorcelled Hibernation        Hexes/Ice                    2
   c - Confuse                        Hexes                        3
   d - Tukima's Dance                 Hexes                        3
   e - Dazzling Spray                 Conjuration/Hexes            3
 F - a book of Party Tricks

   Spells                             Type                      Level
   a - Summon Butterflies             Summoning                    1
   b - Apportation                    Translocation                1
   c - Tukima's Dance                 Hexes                        3
   d - Alistair's Intoxication        Transmutation/Poison         4
   e - Invisibility                   Hexes                        6
Comestibles
 h - 3 beef jerkies
 s - a slice of pizza
 t - 2 fruits
 z - a bread ration
 D - a meat ration


   Skills:
 - Level 2.6 Fighting
 + Level 6.0 Long Blades
 + Level 5.5 Armour
 + Level 6.4 Shields


You had 7 spell levels left.
You didn't know any spells.

Dungeon Overview and Level Annotations

Branches:
Dungeon (6/15)             Temple (1/1) D:5

Altars:
Cheibriados
Dithmenos
Fedhas
Gozag
Makhleb
Nemelex Xobeh
Okawaru
Qazlal
Ru
Vehumet
Xom
Zin
Jiyva

Shops:
D:4 %


Innate Abilities, Weirdness & Mutations

You have razor-sharp teeth.
You heal very quickly.
When hurt, damage is shared between your health and your magic reserves.
Your bite disrupts and absorbs the magic of your enemies.
Potions and wands cannot restore your health.
You are immune to rotting.


Message History

Found a scroll labeled KOOTIA BEEVVI.
An orc warrior comes into view. It is wielding a glaive.
The orc warrior shouts!
The orc warrior throws a javelin.
The javelin hits you!
You see here a javelin.
The orc warrior throws a javelin.
The javelin hits you.
You see here a javelin.
The orc warrior completely misses you. The orc warrior hits you with a glaive.
Your shield and plate armour prevent you from hitting the orc warrior.
You barely miss the orc warrior. The orc warrior hits you with a glaive!
Your plate armour prevents you from hitting the orc warrior.
The orc warrior hits you with a glaive!
* * * LOW HITPOINT WARNING * * *
You are too injured to fight recklessly!
You hit the orc warrior but do no damage.
You bite the orc warrior. You drain its power.
You feel invigorated.
The orc warrior is lightly wounded.
The orc warrior hits you with a glaive!!
You die...

#. .## #.######..#
#....##...# #.......#
#.....?# #.$...#
##.....#
#@.(.(.#########
#..o.(............#
#...#######..#####..##
#... #### ##..## #..
#####...# ##
.......... ####....##
##..## #.##


You could see an orc warrior.

Vanquished Creatures
  A hungry ghost (D:4)
  Edmund (D:5)
  Duvessa (D:6)
  An ice beast (D:5)
  An ogre (D:4)
  2 centaurs (D:5)
  A giant frog (D:4)
  Dowan (D:6)
  A scorpion (D:4)
  A crimson imp (D:5)
  A hound (D:4)
  An orc priest (D:4)
  A centaur skeleton (D:4)
  5 orc wizards
  Jessica (D:3)
  Terence (D:2)
  4 worker ants
  An iguana (D:4)
  2 hound skeletons (D:4)
  8 gnolls
  7 adders
  2 oozes (D:1)
  An adder skeleton (D:4)
  3 worms
  A giant gecko (D:2)
  11 orcs
  9 bats
  10 goblins
  4 hobgoblins
  6 jackals
  2 quokkas (D:2)
  3 ball pythons
  4 giant cockroaches
  A giant gecko skeleton (D:4)
  5 giant newts
  A jackal zombie (D:5)
  6 kobolds
  7 rats
119 creatures vanquished.

Notes
Turn   | Place    | Note
--------------------------------------------------------------
     0 | D:1      | Andry07 the Vine Stalker Fighter began the quest for the Orb.
     0 | D:1      | Reached XP level 1. HP: 11/11 MP: 2/2
   150 | D:1      | Reached XP level 2. HP: 13/16 MP: 3/3
   228 | D:1      | Reached skill level 3 in Shields
   253 | D:1      | Reached XP level 3. HP: 16/19 MP: 4/4
   678 | D:2      | Noticed Terence
   702 | D:2      | Killed Terence
   758 | D:2      | Reached XP level 4. HP: 13/23 MP: 5/5
   979 | D:2      | Found a sparkling altar of Nemelex Xobeh.
  1649 | D:3      | Reached XP level 5. HP: 25/27 MP: 6/6
  1927 | D:3      | Found a radiant altar of Vehumet.
  1955 | D:3      | Noticed Jessica
  1957 | D:3      | Killed Jessica
  1957 | D:3      | Reached skill level 4 in Shields
  1996 | D:3      | Found an opulent altar of Gozag.
  1997 | D:3      | Found a glowing silver altar of Zin.
  1999 | D:3      | Gained mutation: You heal very quickly. [Vine Stalker growth]
  1999 | D:3      | Reached XP level 6. HP: 32/32 MP: 7/7
  2352 | D:4      | Reached XP level 7. HP: 10/35 MP: 3/8
  2485 | D:4      | Found Uji Epar's Food Emporium.
  2485 | D:4      | Noticed a hungry ghost
  2547 | D:4      | Killed a hungry ghost
  2547 | D:4      | Reached skill level 5 in Shields
  2560 | D:4      | Bought a beef jerky for 15 gold pieces
  2560 | D:4      | Bought a beef jerky for 15 gold pieces
  2560 | D:4      | Bought a bread ration for 50 gold pieces
  2560 | D:4      | Bought a meat ration for 50 gold pieces
  2772 | D:4      | Found a blossoming altar of Fedhas.
  3100 | D:4      | Gained mutation: You have razor-sharp teeth. [Vine Stalker growth]
  3100 | D:4      | Reached XP level 8. HP: 39/39 MP: 9/9
  3172 | D:5      | Entered Level 5 of the Dungeon
  3308 | D:5      | Reached skill level 5 in Long Blades
  3485 | D:5      | Found a staircase to the Ecumenical Temple.
  3494 | Temple   | Entered the Ecumenical Temple
  3757 | D:5      | Reached skill level 5 in Armour
  3887 | D:5      | Noticed Edmund
  3906 | D:5      | Killed Edmund
  3906 | D:5      | Reached skill level 6 in Shields
  4131 | D:6      | Noticed Dowan
  4132 | D:6      | Noticed Duvessa
  4175 | D:6      | Killed Duvessa
  4184 | D:6      | Killed Dowan
  4221 | D:6      | Mangled by an orc warrior

Action                   |  1- 3 |  4- 6 |  7- 9 || total
-------------------------+-------+-------+-------++-------
Melee: Long sword        |    91 |   185 |   240 ||   516
  Use: Potion            |       |     1 |       ||     1
       Scroll            |       |     5 |     1 ||     6
  Eat: Chunk             |       |     4 |     7 ||    11
       Meat ration       |       |       |     2 ||     2
       Bread ration      |       |       |     2 ||     2
       Fruit             |       |       |     1 ||     1
       Beef jerky        |       |       |     1 ||     1
